 Dungeon Crawl Stone Soup version 0.21-a0-286-g6fcecc0 (webtiles) character file.

443 Jor the Vexing (level 6, -2/28 HPs)
             Began as a Spriggan Enchanter on Sept 26, 2017.
             Slain by a bullfrog zombie (3 damage)
             ... on level 6 of the Dungeon.
             The game lasted 00:18:28 (6616 turns).

Jor the Vexing (Spriggan Enchanter)                 Turns: 6616, Time: 00:18:29

Health: -2/28      AC:  3    Str:  5    XL:     6   Next: 71%
Magic:  2/16       EV: 17    Int: 18    God:
Gold:   155        SH:  0    Dex: 16    Spells: 5/17 levels left

rFire    . . .     SeeInvis +   c - +0 dagger (venom)
rCold    . . .     Gourm    .   (shield restricted)
rNeg     . . .     Faith    .   b - +1 robe
rPois    +         Spirit   .   (helmet restricted)
rElec    .         Reflect  .   (no cloak)
rCorr    .         Harm     .   (gloves unavailable)
MR       +....                  (boots unavailable)
Stlth    +++.......             (no amulet)
HPRegen  0.09/turn              e - ring of poison resistance
MPRegen  0.15/turn              (no ring)

@: drained, very quick
A: unfitting armour, see invisible, herbivore 3, speed 3, slow metabolism 2
a: no special abilities


You were on level 6 of the Dungeon.
You were very full.

You visited 1 branch of the dungeon, and saw 6 of its levels.

You collected 155 gold pieces.

Inventory:

Hand Weapons
 a - a +1 dagger
 c - a +0 dagger of venom (weapon)
 f - a +1 dagger of holy wrath
Missiles
 k - a throwing net (quivered)
Armour
 b - a +1 robe (worn)
Jewellery
 e - a ring of poison resistance (left hand)
Wands
 g - a wand of acid (15/15)
 p - a wand of paralysis (15/24)
Scrolls
 i - 4 scrolls of remove curse
 j - 2 scrolls of teleportation
 n - 2 scrolls of identify
 o - a scroll of fear
Potions
 h - 2 potions of brilliance
 q - a potion of resistance
 r - a potion of magic
 t - a potion of heal wounds {unknown}
Books
 l - a book of Changes

   Spells                             Type                      Level
   a - Beastly Appendage              Transmutation                1
   b - Sticks to Snakes               Transmutation                2
   c - Spider Form                    Transmutation/Poison         3
   d - Ice Form                       Ice/Transmutation            4
   e - Blade Hands                    Transmutation                5
Comestibles
 d - 5 bread rations
 m - 7 fruits


   Skills:
 - Level 1.1(0.2) Short Blades
 - Level 3.0(2.1) Dodging
 - Level 4.4(3.5) Stealth
 + Level 6.4(5.4) Spellcasting
 + Level 7.1(6.1) Hexes


You had 5 spell levels left.
You knew the following spells:

 Your Spells              Type           Power        Failure   Level  Hunger
a - Ensorcelled Hibernat  Hex/Ice        ###...       5%          2    #......
b - Corona                Hex            ####...      1%          1    None
c - Confuse               Hex            ####....     3%          3    ##.....
d - Tukima's Dance        Hex            ####....     3%          3    ##.....
e - Dazzling Spray        Conj/Hex       ###...       11%         3    ##.....


Dungeon Overview and Level Annotations

Branches:
Dungeon (6/15)
 Temple: D:4-7

Altars:
Xom


Innate Abilities, Weirdness & Mutations

You are very small and have problems with some larger weapons.
You are too small for most types of armour.
You have supernaturally acute eyesight. (SInv)
You are a herbivore.
You cover ground extremely quickly.
You need consume almost no food.


Message History

You hit the bullfrog zombie.
The bullfrog zombie is lightly damaged.
You strike the helpless bullfrog zombie from behind!
You puncture the bullfrog zombie!
The bullfrog zombie is heavily damaged.
The bullfrog zombie hits you.
* * * LOW HITPOINT WARNING * * *
You hit the bullfrog zombie.
The bullfrog zombie is heavily damaged.
There is a stone staircase leading up here.
The bullfrog zombie misses you.
You hit the bullfrog zombie.
The bullfrog zombie is heavily damaged.
You hit the bullfrog zombie.
The bullfrog zombie is severely damaged.
The bullfrog zombie seems less confused.
The bullfrog zombie hits you.
* * * LOW HITPOINT WARNING * * *
The bullfrog zombie hits you.
You die...

...##...#
......#.####
..).#......#####
#.............
###..>...#####
#......#####..
#.........)...
#...<..#####..
#....@.#
#.....Z#
########


You could see a bullfrog zombie.

Vanquished Creatures
  A dancing weapon (D:2)
  A hound (D:4)
  2 orc wizards
  Natasha (thrice) (D:2)
  An iguana (D:4)
  A worker ant (D:4)
  Robin (D:3)
  5 gnolls
  4 adders
  An ooze (D:1)
  3 worms (D:3)
  A dart slug (D:4)
  5 leopard geckos
  14 orcs
  3 giant cockroaches
  16 goblins
  14 hobgoblins
  4 jackals (D:4)
  7 bats
  A frilled lizard (D:3)
  10 kobolds
  A quokka skeleton (D:4)
  7 rats
106 creatures vanquished.

Vanquished Creatures (collateral kills)
  A gnoll (D:5)
1 creature vanquished.

Grand Total: 107 creatures vanquished

Notes
Turn   | Place    | Note
-------+----------+-------------------------------------------
     0 | D:1      | Jor the Spriggan Enchanter began the quest for the Orb.
     0 | D:1      | Reached XP level 1. HP: 9/9 MP: 5/5
   861 | D:1      | Reached XP level 2. HP: 7/13 MP: 5/7
   927 | D:1      | Learned a level 2 spell: Ensorcelled Hibernation
  1313 | D:1      | Reached skill level 4 in Hexes
  1595 | D:1      | Reached XP level 3. HP: 14/16 MP: 3/9
  1600 | D:1      | Learned a level 3 spell: Confuse
  1604 | D:1      | Learned a level 3 spell: Tukima's Dance
  1903 | D:2      | Noticed Natasha
  2059 | D:2      | Killed Natasha
  2118 | D:2      | Reached XP level 4. HP: 20/21 MP: 3/11
  2160 | D:2      | Noticed Natasha
  2177 | D:2      | Killed Natasha
  2177 | D:2      | Reached skill level 5 in Hexes
  2341 | D:2      | Noticed Natasha
  2360 | D:2      | Killed Natasha
  2628 | D:2      | Reached skill level 5 in Spellcasting
  2628 | D:2      | Reached XP level 5. HP: 14/24 MP: 2/13
  3664 | D:2      | Learned a level 3 spell: Dazzling Spray
  4141 | D:3      | Noticed Robin
  4163 | D:3      | Killed Robin
  4163 | D:3      | Reached skill level 6 in Hexes
  4259 | D:3      | HP: 1/24 [hobgoblin (3)]
  5045 | D:3      | Reached XP level 6. HP: 28/28 MP: 15/15
  5525 | D:4      | Found a shimmering altar of Xom.
  6174 | D:5      | Entered Level 5 of the Dungeon
  6195 | D:5      | Noticed an orc warrior
  6561 | D:5      | Reached skill level 7 in Hexes
  6616 | D:6      | HP: 1/28 [bullfrog zombie (3)]
  6616 | D:6      | Slain by a bullfrog zombie

Vault maps used:
D:1:      ncdulo_wetmaze, serial_forest, infiniplex_forest_end_1,
          infiniplex_forest_clump_curved, infiniplex_forest_fountain,
          infiniplex_forest_clump_small, infiniplex_forest_clump_curved,
          infiniplex_forest_straight_4, infiniplex_forest_clump_double,
          infiniplex_forest_zigzag_1, infiniplex_forest_clump_C
D:2:      first_bread, minmay_misc_feat_enclosed, uniq_natasha
D:3:      wad_crossroads, uniq_robin
D:4:      xom_teletrap_fun
D:5:      evilmike_ruin_ashenzari, minmay_ogre_servants
D:6:      grunt_temple_overflow_cloverleaf, minmay_misc_feat_x, uniq_duvessa

Skill      XL: |  1  2  3  4  5  6 |
---------------+-------------------+-----
Spellcasting   | 3 4 5 6 |  6.4
Hexes          | 4 5 6 7 |  7.1
Short Blades   | |  1.1
Dodging        | |  3.0
Stealth        | |  4.4

Action                   |  1- 3 |  4- 6 || total
-------------------------+-------+-------++-------
Melee: Dagger            |    60 |   269 ||   329
 Cast: Corona            |     7 |       ||     7
       Ensorcelled Hiber |    14 |    47 ||    61
       Confuse           |       |    14 ||    14
       Dazzling Spray    |       |     9 ||     9
       Tukima's Dance    |       |     3 ||     3
  Use: Scroll            |     3 |    10 ||    13
       Potion            |       |     3 ||     3
 Stab: Sleeping          |    17 |    33 ||    50
       Distracted        |     1 |       ||     1
       Confused          |       |     9 ||     9
       Invisible         |       |     6 ||     6
  Eat: Royal jelly       |       |     3 ||     3
       Bread ration      |       |     1 ||     1
       Fruit             |       |     1 ||     1
Armor: Robe              |     4 |    15 ||    19
       Skin              |       |    36 ||    36
Dodge: Dodged            |    46 |   209 ||   255

Table legend:
 A = Spawn XP
 B = Non-spawn XP
 C = Spawn XP percentage of total XP
 D = Spawn monster count
 E = Non-spawn monster count
 F = Spawn count percentage of total count
 G = Total turns spent on level
                    A         B        C        D         E        F      G
               +---------+---------+-------+---------+---------+-------+---------
         Total |       0 |     634 |   0.0 |       0 |     106 |   0.0 |  6616
               +---------+---------+-------+---------+---------+-------+---------
           D:1 |       0 |      44 |   0.0 |       0 |      23 |   0.0 |  1839
           D:2 |       0 |     202 |   0.0 |       0 |      23 |   0.0 |  1770
           D:3 |       0 |     158 |   0.0 |       0 |      42 |   0.0 |  1874
           D:4 |       0 |     155 |   0.0 |       0 |      12 |   0.0 |  1007
           D:5 |       0 |      75 |   0.0 |       0 |       6 |   0.0 |   103
               +---------+---------+-------+---------+---------+-------+---------
